[Event "Late-Titled-Tuesday-Blitz-August-29-2023"]
[Site "Chess.com"]
[Date "2023.08.29"]
[Round "9"]
[White "Msb2"]
[Black "tptagain"]
[Result "1-0"]
[WhiteElo "3014"]
[BlackElo "2881"]
[TimeControl "180+1"]
[EndTime "15:42:40 PDT"]
[Termination "Msb2 won by resignation"]

1. d4 d5 2. c4 e6 3. Nc3 Bb4 4. e3 Nf6 5. Bd2 O-O 6. Nf3 Nbd7 7. a3 Be7 8. cxd5 exd5 9. Bd3 c6 10. Qc2 Re8 11. Ne5 Nf8 12. O-O c5 13. Bb5 N6d7 14. Nxd5 Nxe5 15. Bxe8 Neg6 16. Nxe7+ Qxe7 17. Bb5 b6 18. Bc6 Rb8 19. dxc5 Ne5 20. Be4 bxc5 21. Rac1 Qh4 22.
f4 Ng4 23. h3 Nf6 24. Be1 Qh6 25. Bf3 Ne6 26. b4 Ba6 27. Be2 c4 28. Bxc4 Rc8 29. Qd3 Rd8 30. Bxa6 Rxd3 31. Bxd3 g6 32. Rc8+ Nf8 33.
Bc3 Nd7 34. Bd4 Qh5 35. f5 f6 36.
fxg6 hxg6 37. Bc4+ Kg7 38. Rc7 Kh6 39. Rxa7 Qg5 40. Ra5 Ne5 41. Bxe5 Qxe3+ 42. Kh1 fxe5 43. Rxf8 e4 44. Bf1 Qd2 45. Re5 e3 46. Rf3 Qc1 47.
Rexe3 1-0

[Event "Late-Titled-Tuesday-Blitz-August-29-2023"]
[Site "Chess.com"]
[Date "2023.08.29"]
[Round "9"]
[White "rdarruda"]
[Black "KNVB"]
[Result "1/2-1/2"]
[WhiteElo "2588"]
[BlackElo "2808"]
[TimeControl "180+1"]
[EndTime "15:42:41 PDT"]
[Termination "Game drawn by repetition"]

1. d4 e5 2. dxe5 Nc6 3. Nf3 Qe7 4. Nc3 Nxe5 5. Nxe5 Qxe5 6. e4 Bc5 7. Qd5 Bd4 8.
Qxe5+ Bxe5 9. Bd2 Nf6 10. Bd3 O-O 11. O-O-O Re8 12. f3 d6 13. Nb5 d5 14. exd5 a6 15.
Nc3 Bxc3 16. Bxc3 Nxd5 17. Rhe1 Rxe1 18. Rxe1 Be6 19. Bd2 b5 20. a3 h6 21. Rd1 Rd8 22.
Be2 Kf8 23. c4 bxc4 24. Bxc4 Ke7 25. Bxa6 c5 26. Bc4 g5 27. a4 Ne3 28. Bxe3 Rxd1+ 29. Kxd1 Bxc4 30. Bxc5+ Ke6 31. a5 Bf1 32. g3 h5 33.
Ke1 Bb5 34. Kd2 Kd5 35. Be7 g4 36. f4 Ba6 37. Bf6 Bb5 38. Ke3 Ba6 39. Bc3 f5 40.
Kd2 Kc4 41. Be5 Bb5 42. Kc2 Ba6 43. b3+ Kd5 44. Kc3 Bb5 45. Kb4 Ba6 46. Kc3 Bb5 47.
Bf6 Ba6 48. Bd8 Bb5 49. Kb4 Ba6 50. Kc3 Bb5 51. Kb4 Ba6 52. Kc3 1/2-1/2

[Event "Late-Titled-Tuesday-Blitz-August-29-2023"]
[Site "Chess.com"]
[Date "2023.08.29"]
[Round "9"]
[White "BillieKimbah"]
[Black "GMBenjaminBok"]
[Result "1-0"]
[WhiteElo "3059"]
[BlackElo "2926"]
[TimeControl "180+1"]
[EndTime "15:42:43 PDT"]
[Termination "BillieKimbah won by resignation"]

1. d4 Nf6 2. Nf3 e6 3. Bg5 c5 4. d5 h6 5. Bxf6 Qxf6 6. Nc3 d6 7. e4 a6 8. a4 g6 9. Bc4 Bg7 10. O-O e5 11. Nd2 O-O 12. a5 Qe7 13. Be2 f5 14. Nc4 Nd7 15. Rb1 Rb8 16. b4 cxb4 17. Rxb4 Nc5 18.
Rb6 Rd8 19. Qb1 fxe4 20. Qb4 Qc7 21. Rb1 Bf5 22. h3 h5 23. Nd1 Bh6 24. Nde3 Bxe3 25. Nxe3 Qe7 26. Nc4 Qc7 27. Qd2 Kg7 28. Qg5 Nd7 29.
Rxd6 Nf8 30. Qf6+ Kh7 31. Rbb6 Rxd6 32. Nxd6 Qg7 33. Qxg7+ Kxg7 34. Bxa6 Nd7 35. Rxb7 Ra8 36. Nxf5+ gxf5 37. Rxd7+ Kf6 38. Rd6+ Kg5 39. Re6 h4 40. c4 Rb8 41. Bb5 1-0

[Event "Late-Titled-Tuesday-Blitz-August-29-2023"]
[Site "Chess.com"]
[Date "2023.08.29"]
[Round "9"]
[White "Ajedrecista3000"]
[Black "slidingknight2775"]
[Result "1-0"]
[WhiteElo "2704"]
[BlackElo "2536"]
[TimeControl "180+1"]
[EndTime "15:42:45 PDT"]
[Termination "Ajedrecista3000 won by resignation"]

1. c4 e6 2. Nf3 d5 3. g3 Nf6 4.
Bg2 Be7 5. O-O O-O 6. b3 b6 7. Bb2 Bb7 8. cxd5 exd5 9. d4 Nbd7 10. Nc3 a6 11. Rc1 h6 12. Re1 c5 13. dxc5 bxc5 14.
Nh4 Nb6 15. Nf5 Rb8 16. e4 d4 17. Nd5 Nfxd5 18. exd5 Bf6 19. Rxc5 Bxd5 20. Bxd5 Nxd5 21.
Bxd4 Nb6 22. Qg4 Bxd4 23. Nxh6+ Kh7 24. Rh5 gxh6 25. Qf5+ Kg7 26. Qg4+ Kh7 27. Rd1 f5 28. Qf4 Qf6 29. Rxd4 Rbd8 30. Qc7+ Kh8 31. Rdh4 Rd6 32.
Rxh6+ Qxh6 33. Qxd6 Qxh4 34. Qxf8+ Kh7 35. gxh4 Nd5 36.
Qxf5+ Kh6 37. Qxd5 Kg6 38. Qg5+ 1-0

[Event "Late-Titled-Tuesday-Blitz-August-29-2023"]
[Site "Chess.com"]
[Date "2023.08.29"]
[Round "9"]
[White "wild3000"]
[Black "pedromartinez91"]
[Result "0-1"]
[WhiteElo "2303"]
[BlackElo "2492"]
[TimeControl "180+1"]
[EndTime "15:42:45 PDT"]
[Termination "pedromartinez91 won on time"]

1. a3 a6 2. g4 h6 3. h3 a5 4.
Bg2 h5 5. g5 Ra6 6. d4 g6 7. c4 Bg7 8. Nc3 d6 9. e4 c5 10. Be3 Nc6 11. dxc5 Bxc3+ 12. bxc3 dxc5 13. Qxd8+ Nxd8 14. Bxc5 e5 15. Be3 Ne7 16. Nf3 Ndc6 17. O-O Be6 18. Nd2 O-O 19. Rfb1 Rd8 20. Rxb7 Rd3 21.
Rc1 a4 22. Bf1 Rd8 23. Rcb1 Raa8 24. Nf3 Re8 25. c5 Na5 26. R7b4 Nec6 27. Rxa4 Bb3 28. Rb4 Be6 29. Bb5 Rec8 30. Ra4 Bxh3 31. c4 Be6 32. Nd2 Kf8 33. Nb3 Nxb3 34. Rxa8 Rxa8 35. Bxc6 Rxa3 36.
Bd5 Ke7 37. c6 Kd6 38. Rd1 Kc7 39. f4 Na5 40. Bc5 Rg3+ 41. Kf2 exf4 42. e5 Nxc6 43.
Bd6+ Kd7 44. Ra1 Rd3 45. Ke2 Rd4 46. Bc5 Rxc4 47. Bxc4 Bxc4+ 48. Kf3 Nxe5+ 49. Ke4 Nc6 50. Kxf4 Ke6 51. Be3 Bd5 52. Re1 Kd7 53. Kg3 Ne5 54.
Bf4 Nd3 55. Rd1 Be4 56. Rd2 Ke6 57. Be3 Kf5 0-1

[Event "Late-Titled-Tuesday-Blitz-August-29-2023"]
[Site "Chess.com"]
[Date "2023.08.29"]
[Round "9"]
[White "kiwibobo"]
[Black "Training_Day"]
[Result "1-0"]
[WhiteElo "2394"]
[BlackElo "2432"]
[TimeControl "180+1"]
[EndTime "15:42:46 PDT"]
[Termination "kiwibobo won on time"]

1. e4 c6 2. d4 d5 3. Nc3 dxe4 4.
Nxe4 Bf5 5. Ng3 Bg6 6. h4 h6 7.
Nf3 Nd7 8. h5 Bh7 9. Bd3 Bxd3 10. Qxd3 e6 11. Bd2 Ngf6 12. O-O-O Be7 13. Ne4 Nxe4 14. Qxe4 Nf6 15. Qe2 Qd5 16. c4 Qe4 17.
Qxe4 Nxe4 18. Be3 f5 19. Ne5 Bg5 20. Rhe1 Nxf2 21. Bxg5 hxg5 22. Ng6 Rxh5 23. Rxe6+ Kf7 24. Rde1 Ne4 25. R6xe4 fxe4 26. Ne5+ Kg8 27. Rxe4 Re8 28. Kd2 Rh4 29. Kd3 c5 30. d5 Rf4 31. Rxf4 gxf4 32.
Ke4 g5 33. d6 Kg7 34. Kd5 Rd8 35. Kxc5 Kf6 36. Kd5 Kf5 37. d7 g4 38. Kd6 f3 39.
gxf3 g3 40. Ng4 Kf4 41. Ke7 1-0

[Event "Late-Titled-Tuesday-Blitz-August-29-2023"]
[Site "Chess.com"]
[Date "2023.08.29"]
[Round "9"]
[White "KejJaj"]
[Black "ToddBryant"]
[Result "1-0"]
[WhiteElo "2222"]
[BlackElo "2327"]
[TimeControl "180+1"]
[EndTime "15:42:47 PDT"]
[Termination "KejJaj won on time"]

1. d4 Nf6 2. Bf4 g6 3. Nc3 d5 4. e3 Bg7 5. Nb5 Na6 6. Nc3 O-O 7. Bxa6 bxa6 8. Be5 c5 9. dxc5 Qa5 10. Qd4 Be6 11. Ne2 Rfc8 12. b4 Qd8 13. O-O Qf8 14. a3 Nd7 15. Bxg7 Qxg7 16. Qxg7+ Kxg7 17. Nf4 Nf6 18. Rfd1 Rd8 19. Rd2 g5 20. Nxe6+ fxe6 21. Ne2 Ne4 22.
Rd3 a5 23. c3 axb4 24. cxb4 Rdc8 25. Nd4 Kf7 26. f3 Nf6 27. Rc1 Rab8 28. Nb3 Nd7 29. Na5 Ne5 30. Rb3 Nc6 31. Nxc6 Rxc6 32. b5 Rcc8 33. a4 e5 34. c6 Ke6 35. a5 Kd6 36.
Kf2 a6 37. b6 Rxc6 38. Rbc3 Rxc3 39. Rxc3 Rb7 40. Ke2 e6 41. Kd3 h6 42. Rc8 Ke7 43. Ra8 Kd6 44. Rxa6 Kc6 45. Ra8 Kb5 46. Kc3 h5 47. g3 Rd7 48. Ra7 d4+ 49. exd4 exd4+ 50. Kd3 Rd8 51. b7 Kc6 52. Ra8 1-0

[Event "Late-Titled-Tuesday-Blitz-August-29-2023"]
[Site "Chess.com"]
[Date "2023.08.29"]
[Round "9"]
[White "matagordo"]
[Black "Karttunen"]
[Result "1-0"]
[WhiteElo "2225"]
[BlackElo "2560"]
[TimeControl "180+1"]
[EndTime "15:42:48 PDT"]
[Termination "matagordo won by checkmate"]

1. d4 Nf6 2. Bf4 e6 3. e3 d5 4. Nf3 Bd6 5. Ne5 O-O 6. Nd2 c5 7. c3 Qc7 8. Bd3 b6 9. Qf3 Bb7 10. Qh3 g6 11. Qh6 Ne4 12. h4 f6 13. Nxg6 hxg6 14. Qxg6+ Qg7 15. Bxe4 Qxg6 16. Bxg6 Bxf4 17. exf4 cxd4 18. cxd4 Nc6 19. Nf3 f5 20. O-O Kg7 21.
h5 Rac8 22. Rfe1 Rf6 23. Ng5 Nxd4 24. Rad1 Nc2 25. Nxe6+ Kh6 26. Re5 Nb4 27. g4 fxg4 28.
Ng5 Rc7 29. Ne6 Re7 30. f5 Na6 31. Re3 Nc5 32. Nxc5 Rxe3 33. Nxb7 Re2 34. Rxd5 Rxb2 35. Nd8 Kg7 36. Ne6+ Kh6 37. Rd7 Rxg6 38. fxg6 Rb1+ 39. Kg2 Rb2 40. Rh7# 1-0

[Event "Late-Titled-Tuesday-Blitz-August-29-2023"]
[Site "Chess.com"]
[Date "2023.08.29"]
[Round "9"]
[White "Anton_Demchenko"]
[Black "SchmakAttack"]
[Result "1-0"]
[WhiteElo "2923"]
[BlackElo "2774"]
[TimeControl "180+1"]
[EndTime "15:42:49 PDT"]
[Termination "Anton_Demchenko won on time"]

1. e4 c5 2. Nf3 Nc6 3. Bb5 g6 4. O-O Bg7 5. d3 e5 6. a3 Nge7 7. b4 d6 8. Bg5 O-O 9. bxc5 dxc5 10. Bxc6 bxc6 11. Nbd2 Be6 12. Be3 Qd6 13. Ng5 c4 14.
Nxe6 Qxe6 15. Nxc4 f5 16. f3 h5 17. Qe1 f4 18. Bc5 g5 19. Rb1 Rf7 20. Nd6 Rf6 21.
Qc3 Rd8 22. Nb7 Ra8 23. Qb3 Ng6 24. Na5 g4 25. Qxe6+ Rxe6 26. Rb7 Bf8 27. Bxf8 Rxf8 28. Rxa7 Nh4 29. fxg4 hxg4 30. Nc4 Rb8 31. a4 Kh8 32. a5 Rg8 33. a6 g3 34. h3 f3 35.
gxf3 g2 36. Rf2 Reg6 37. Nxe5 Rg3 38. Nf7+ Kg7 39. Ng5+ Kh6 40. f4 R8xg5 41. fxg5+ Kh5 42. Rh7+ Kg6 43. Rxh4 1-0

[Event "Late-Titled-Tuesday-Blitz-August-29-2023"]
[Site "Chess.com"]
[Date "2023.08.29"]
[Round "9"]
[White "only_strong_moves"]
[Black "WildBizon"]
[Result "0-1"]
[WhiteElo "2544"]
[BlackElo "2722"]
[TimeControl "180+1"]
[EndTime "15:42:49 PDT"]
[Termination "WildBizon won on time"]

1. e4 c6 2. d4 d5 3. e5 Bf5 4. Nf3 e6 5. Be2 Ne7 6. O-O h6 7. Nbd2 Nd7 8. Nb3 Bh7 9. a4 a5 10. Bd2 Nf5 11. Rc1 Be7 12. Ne1 O-O 13. f4 f6 14. Nd3 fxe5 15. fxe5 Bg5 16. Bg4 Bxd2 17. Qxd2 Nb6 18. Ndc5 Nc4 19. Qc3 Qe7 20. Nd2 Nce3 21. Bxf5 Nxf5 22. Rf2 b6 23. Nd3 Rac8 24. Rcf1 c5 25.
dxc5 bxc5 26. Qxa5 c4 27. Nf4 Ne3 28. Re1 Nxc2 29.
Rc1 Nd4 30. Qb6 Rxf4 31. Rxf4 Ne2+ 32. Kh1 Nxf4 33. Rf1 Rf8 34. a5 Qg5 35. g3 Qxe5 36. gxf4 Qe2 37. Rf2 Qe1+ 38. Kg2 Bd3 39. a6 Rf6 40. Qd8+ Kh7 41. Kf3 Rg6 42. f5 Be4+ 43. Kf4 Qxf2+ 44. Ke5 Qxh2+ 45. Kd4 Qxd2+ 46. Kc5 Qf2+ 47. Kc6 exf5+ 48. Kc7 Qb6+ 0-1

[Event "Late-Titled-Tuesday-Blitz-August-29-2023"]
[Site "Chess.com"]
[Date "2023.08.29"]
[Round "9"]
[White "TanitoluwaAps116"]
[Black "WPWPWP-2015"]
[Result "0-1"]
[WhiteElo "2751"]
[BlackElo "2576"]
[TimeControl "180+1"]
[EndTime "15:42:49 PDT"]
[Termination "WPWPWP-2015 won by resignation"]

1. e4 c5 2. Nf3 d6 3. Bb5+ Bd7 4. Bxd7+ Qxd7 5. c4 e6 6. d4 cxd4 7. Nxd4 Nc6 8. Nc3 Nf6 9. O-O Be7 10. b3 O-O 11. Bb2 Rfd8 12. Re1 a6 13. Na4 Qc7 14. Rc1 Rac8 15.
f3 Nd7 16. Ba3 h6 17. Kf1 Nce5 18. g3 Ng6 19. Kg2 Nf6 20. Qd2 Nh5 21. f4 Nf6 22.
Qe2 h5 23. f5 Nf8 24. Rcd1 Qd7 25. Nb6 Qc7 26. Nxc8 Qxc8 27. fxe6 fxe6 28. e5 Ne8 29. exd6 Bxd6 30. Bxd6 Rxd6 31. Nf3 Rb6 32. Qe3 Qc6 33. Rd8 Nf6 34. Red1 Kf7 35. Kg1 Qc7 36. Ng5+ Ke7 37.
Re8+ Kxe8 38. c5 Rc6 39. b4 b6 40. Rc1 bxc5 41. bxc5 Ke7 42. Nf3 N8d7 43. Nd4 Rxc5 44. Qxe6+ Kf8 45. Re1 Re5 46. Re2 Qc1+ 47. Kg2 Rxe6 48.
Nxe6+ Kg8 0-1

[Event "Late-Titled-Tuesday-Blitz-August-29-2023"]
[Site "Chess.com"]
[Date "2023.08.29"]
[Round "9"]
[White "Jojo_898"]
[Black "gordonzyxu"]
[Result "1-0"]
[WhiteElo "2363"]
[BlackElo "2119"]
[TimeControl "180+1"]
[EndTime "15:42:50 PDT"]
[Termination "Jojo_898 won by checkmate"]

1. e4 e5 2. Nf3 Nf6 3. Nxe5 d6 4.
Nf3 Nxe4 5. Nc3 Nxc3 6. dxc3 Be7 7. Bd3 O-O 8. Be3 Nd7 9. Qd2 Nf6 10. O-O-O c5 11. c4 b5 12. cxb5 a6 13. bxa6 d5 14. Bb5 Qb6 15. Qe2 Bxa6 16. Bxa6 Rxa6 17. a3 Rb8 18. c3 Ne4 19. Qc2 Nf6 20. Bf4 Rba8 21.
Rhe1 Bf8 22. Be5 Qb7 23. Ng5 g6 24. h4 c4 25. Re2 Nd7 26. Bd4 Nc5 27. Bxc5 Bxc5 28.
Kd2 d4 29. cxd4 Bxd4 30. Ke1 Bg7 31. Qxc4 R6a7 32. Kf1 Rc8 33. Qf4 Qb3 34. Rde1 h6 35. Ne4 Bxb2 36. Qxh6 Bg7 37. Qf4 Rxa3 38. Nf6+ Bxf6 39.
Qxf6 Qc4 40. Kg1 Raa8 41. h5 gxh5 42. Re3 Qc6 43. Rg3+ Kf8 44. Qh8# 1-0

[Event "Late-Titled-Tuesday-Blitz-August-29-2023"]
[Site "Chess.com"]
[Date "2023.08.29"]
[Round "9"]
[White "Bauman_Guy"]
[Black "vladislavkovalev"]
[Result "1-0"]
[WhiteElo "2866"]
[BlackElo "2916"]
[TimeControl "180+1"]
[EndTime "15:42:55 PDT"]
[Termination "Bauman_Guy won by checkmate"]

1. e4 e5 2. Nf3 Nc6 3. Bb5 a6 4.
Ba4 Nf6 5. O-O Be7 6. Re1 b5 7. Bb3 d6 8. c3 O-O 9. h3 Be6 10. Bc2 d5 11. exd5 Qxd5 12. d3 Rad8 13. Nbd2 Bf5 14. Nf1 Bg6 15. a4 b4 16. Ne3 Qc5 17.
Bd2 bxc3 18. bxc3 Bxd3 19. Nf5 Rfe8 20. Qb1 e4 21. Nxe7+ Rxe7 22. Be3 Qxc3 23. Bxd3 Qxd3 24. Nd2 Qxb1 25. Raxb1 Nd5 26. Nc4 f5 27. g3 Ncb4 28. Bg5 Nd3 29. Bxe7 Nxe7 30. Red1 Nc6 31. Rb7 Nd4 32.
Kg2 Nf3 33. Ne3 c5 34. Rdb1 f4 35. Nf5 Nde1+ 36. Kh1 fxg3 37. fxg3 g6 38. Nh6+ Kf8 39. Rf7+ Ke8 40. Rbb7 Rd2 41. Rfe7+ Kd8 42. Nf7+ Kc8 43. Rec7# 1-0

[Event "Late-Titled-Tuesday-Blitz-August-29-2023"]
[Site "Chess.com"]
[Date "2023.08.29"]
[Round "9"]
[White "Ajedrez_con_German"]
[Black "DawidCzerw"]
[Result "0-1"]
[WhiteElo "2652"]
[BlackElo "2517"]
[TimeControl "180+1"]
[EndTime "15:42:55 PDT"]
[Termination "DawidCzerw won on time"]

1. b3 g6 2. Bb2 Nf6 3. Bxf6 exf6 4. c4 d5 5. e3 Bg7 6. Nf3 O-O 7. Be2 f5 8. d4 dxc4 9. Bxc4 c5 10. O-O cxd4 11. exd4 Nc6 12. Na3 Nxd4 13. Nxd4 Bxd4 14. Rb1 a6 15.
Nc2 Ba7 16. Qf3 Qb6 17. Ne3 Be6 18. Bd5 Rab8 19. Nc4 Qc5 20. Rbd1 Rfd8 21. Bxe6 fxe6 22. h4 b5 23. Ne3 Qe7 24. Qg3 Bxe3 25. Qxe3 Rd6 26.
Rxd6 Qxd6 27. Re1 Re8 28. h5 gxh5 29. Qg5+ Kh8 30. Qf6+ Kg8 31. Re3 f4 32. Re5 h6 33.
Qg6+ Kf8 34. Rxh5 Re7 35. Rxh6 Rf7 36. Qg5 Qd1+ 37. Kh2 Rg7 38. Rh8+ Kf7 39. Qh4 Qd4 40. Qh5+ Ke7 41. f3 Qf6 0-1

[Event "Late-Titled-Tuesday-Blitz-August-29-2023"]
[Site "Chess.com"]
[Date "2023.08.29"]
[Round "9"]
[White "trriinu"]
[Black "KorolDimitriy75"]
[Result "1-0"]
[WhiteElo "2228"]
[BlackElo "2322"]
[TimeControl "180+1"]
[EndTime "15:42:56 PDT"]
[Termination "trriinu won on time"]

1. e4 c5 2. Nf3 d6 3. Bb5+ Nd7 4. O-O Nf6 5. Re1 a6 6. Bf1 e5 7. c3 Be7 8. d4 O-O 9. b3 Qc7 10. Bb2 b6 11. Nbd2 Bb7 12. Rc1 Rfe8 13. d5 b5 14.
Nh4 g6 15. g3 Bf8 16. c4 b4 17. f4 Bg7 18. Ndf3 exf4 19. Bd3 fxg3 20. hxg3 Ng4 21. Bxg7 Kxg7 22. Qd2 Nde5 23. Rf1 Qd8 24. Be2 a5 25.
Ng5 Rf8 26. Qf4 f6 27. Ne6+ Kh8 28. Nxd8 Raxd8 29. Bxg4 g5 30. Qf5 gxh4 31. Qh5 Rg8 32. Bf5 Rxg3+ 33. Kh1 Rg7 34. Rg1 Rdg8 35. Rxg7 Rxg7 36.
Rg1 Ng6 37. Bxg6 Bc8 38. Bf5 Bxf5 39. exf5 1-0

[Event "Late-Titled-Tuesday-Blitz-August-29-2023"]
[Site "Chess.com"]
[Date "2023.08.29"]
[Round "9"]
[White "Valeron87"]
[Black "Nf3c5"]
[Result "0-1"]
[WhiteElo "2460"]
[BlackElo "2604"]
[TimeControl "180+1"]
[EndTime "15:42:58 PDT"]
[Termination "Nf3c5 won on time"]

1. e4 c5 2. Nf3 Nc6 3. d4 cxd4 4. Nxd4 e5 5. Nb5 d6 6. c4 Be7 7. N5c3 f5 8. exf5 Bxf5 9. Bd3 Be6 10. Nd5 Nf6 11. Nbc3 O-O 12. O-O Qd7 13. Be3 Bxd5 14. Nxd5 Nxd5 15. cxd5 Nb4 16. Be4 g6 17. a3 Na6 18. b4 Nc7 19. Rc1 Bf6 20. a4 Na6 21. Qb3 Qe7 22. b5 Nc7 23. Rc2 Ne8 24. Rfc1 Bg5 25.
a5 Rf7 26. Rc8 Rxc8 27. Rxc8 Bxe3 28. Qxe3 Qd7 29. Rc1 Qxb5 30. Qxa7 Kg7 31. Qb6 Qa4 32. f3 Nf6 33. Qxd6 Qd4+ 34. Kh1 Nxe4 35. fxe4 Qxe4 36. h3 Rf2 37. Rg1 Kh6 38. Qe6 Rd2 39. d6 Qf4 40. d7 Rd3 41. Qe7 Qe4 42. Qe6 Qd4 0-1

[Event "Late-Titled-Tuesday-Blitz-August-29-2023"]
[Site "Chess.com"]
[Date "2023.08.29"]
[Round "9"]
[White "CheckBits"]
[Black "The_Straightforward_Rook"]
[Result "0-1"]
[WhiteElo "2419"]
[BlackElo "2518"]
[TimeControl "180+1"]
[EndTime "15:43:00 PDT"]
[Termination "The_Straightforward_Rook won on time"]

1. d4 Nf6 2. Nc3 d5 3. Bg5 Nbd7 4. e3 e6 5. Bd3 Be7 6. Qf3 h6 7. Bxf6 Bxf6 8. Nge2 c5 9. dxc5 Nxc5 10. Bb5+ Bd7 11. Bxd7+ Qxd7 12. O-O O-O 13. Rad1 Rac8 14. e4 dxe4 15.
Nxe4 Qe7 16. Nxf6+ Qxf6 17. Qxf6 gxf6 18. c4 Rfd8 19. b3 f5 20. g3 Kg7 21. Kg2 Ne4 22.
f3 Nc5 23. Nc3 a6 24. f4 Kf6 25. Kf3 h5 26. Ke3 b6 27. Ne2 h4 28. Nc3 hxg3 29. hxg3 Rg8 30. Kf3 Rcd8 31. Rh1 Rxd1 32. Rxd1 Ne4 33. Nxe4+ fxe4+ 34. Kxe4 Rxg3 35. Rd6 Rg2 36. a4 b5 37. Rxa6 bxc4 38. bxc4 Rc2 39. Kd3 Rf2 40.
Ke4 Rc2 41. Kd3 Rf2 42. Rb6 Rxf4 43. a5 Rf3+ 44. Kd4 Ra3 45. Rb5 Ke7 46. c5 f6 47.
Rb7+ Kd8 48. Ra7 Ra4+ 49. Kc3 e5 50. c6 f5 51. Kb3 Ra1 0-1

[Event "Late-Titled-Tuesday-Blitz-August-29-2023"]
[Site "Chess.com"]
[Date "2023.08.29"]
[Round "9"]
[White "ChEsper99"]
[Black "Good_Knight_Kiss"]
[Result "1-0"]
[WhiteElo "2170"]
[BlackElo "2317"]
[TimeControl "180+1"]
[EndTime "15:43:00 PDT"]
[Termination "ChEsper99 won on time"]

1. e4 c5 2. Nf3 d6 3. Bb5+ Nd7 4. a4 a6 5. Be2 Ngf6 6. Nc3 e6 7. O-O Be7 8. a5 O-O 9. d3 Nb8 10. e5 dxe5 11.
Nxe5 Nfd7 12. Nc4 Nc6 13. Bf3 Nce5 14. Nxe5 Nxe5 15. Be4 f5 16. Bf3 Qc7 17. Re1 Nxf3+ 18. Qxf3 Bd7 19. Bf4 Bd6 20. Bxd6 Qxd6 21. Qe3 Rac8 22.
Qe5 Qxe5 23. Rxe5 g5 24. Na4 Bxa4 25. Rxa4 Rc6 26. Rc4 Rfc8 27. g3 Kf7 28. b3 Kf6 29. f4 g4 30. h4 gxh3 31. Kh2 Ke7 32. Kxh3 Kd6 33. Kh4 Rg8 34. d4 Rgc8 35. dxc5+ Rxc5 36. Rcxc5 Rxc5 37. Rxc5 Kxc5 38. Kg5 Kd5 39. Kf6 h5 40.
Kg5 Ke4 41. Kxh5 Kf3 42. Kh4 1-0

[Event "Late-Titled-Tuesday-Blitz-August-29-2023"]
[Site "Chess.com"]
[Date "2023.08.29"]
[Round "9"]
[White "karinachess1"]
[Black "Sjakkerntobi"]
[Result "0-1"]
[WhiteElo "2598"]
[BlackElo "2490"]
[TimeControl "180+1"]
[EndTime "15:43:02 PDT"]
[Termination "Sjakkerntobi won on time"]

1. e4 e6 2. d4 d5 3. Nc3 Bb4 4. Ne2 Nc6 5. e5 f6 6. exf6 Qxf6 7. g3 Nge7 8. Bg2 O-O 9. O-O Bd7 10. a3 Bd6 11.
Nb5 Be8 12. Nxd6 cxd6 13. c3 Bh5 14. f3 e5 15. Be3 Rad8 16. Qd2 h6 17. Rae1 Qe6 18.
Nc1 Rf7 19. Nd3 Rdf8 20. dxe5 dxe5 21. Bd4 Nxd4 22. cxd4 e4 23. Nf4 Qf5 24. fxe4 dxe4 25. Bxe4 Qg5 26. Qg2 Bg4 27. Bxb7 Kh8 28. Be4 Rd8 29.
Ng6+ Nxg6 30. Rxf7 Rxd4 31. Rf2 h5 32. Rc2 Rd8 33.
Rf2 Ne5 34. Ref1 g6 35. Rf8+ Rxf8 36. Rxf8+ Kg7 37. Rf4 Qd8 38. Qf2 Qd1+ 39. Kg2 Be6 40. Rf8 Ng4 41. Qf4 Qe2+ 42. Kg1 Qxh2+ 43. Kf1 Bc4+ 0-1

[Event "Late-Titled-Tuesday-Blitz-August-29-2023"]
[Site "Chess.com"]
[Date "2023.08.29"]
[Round "9"]
[White "Berardino"]
[Black "simplerXiao"]
[Result "1-0"]
[WhiteElo "2688"]
[BlackElo "2538"]
[TimeControl "180+1"]
[EndTime "15:43:03 PDT"]
[Termination "Berardino won by checkmate"]

1. e4 c5 2. Nf3 e6 3. d4 cxd4 4.
Nxd4 d6 5. c4 a6 6. Nc3 Qc7 7. Be2 Nf6 8. O-O g6 9. Be3 Bg7 10. Rc1 O-O 11. Qd2 Rd8 12. Rfd1 b6 13.
f3 Bb7 14. Bf1 Nbd7 15. b4 Ne5 16. Qf2 Rab8 17. a3 Ba8 18. Na4 Qe7 19. Nb3 Nxc4 20. Bxc4 b5 21. Na5 bxc4 22. Nb6 d5 23. Nxa8 Rxa8 24.
Nc6 Qb7 25. Nxd8 Rxd8 26. Rxc4 Re8 27. exd5 Nxd5 28. Bd4 e5 29. Bb2 Nb6 30. Re4 f5 31. Re2 Nc4 32. Qc5 Nxb2 33. Rxb2 e4 34. Re2 Kh8 35. fxe4 fxe4 36. Kh1 h6 37. Qd5 Qc7 38. Rxe4 Rf8 39. h3 Qc3 40. Qd3 Qb2 41. Rde1 Rf2 42. Rg4 Rf6 43. Rxg6 Qf2 44. Re8+ Bf8 45. Rxf6 Qxf6 46.
Qf3 Qa1+ 47. Kh2 Kh7 48. Rxf8 Qxa3 49. Qf7# 1-0

[Event "Late-Titled-Tuesday-Blitz-August-29-2023"]
[Site "Chess.com"]
[Date "2023.08.29"]
[Round "9"]
[White "Dr_crypt"]
[Black "Michalczak"]
[Result "0-1"]
[WhiteElo "2341"]
[BlackElo "2515"]
[TimeControl "180+1"]
[EndTime "15:43:03 PDT"]
[Termination "Michalczak won on time"]

1. d4 Nf6 2. c4 e6 3. Nc3 d5 4.
cxd5 exd5 5. Bg5 c6 6. e3 Nbd7 7.
Bd3 Be7 8. Nge2 Nh5 9. Bxe7 Qxe7 10. Qc2 g6 11. g4 Nhf6 12. h3 Nb6 13. O-O-O h5 14.
g5 Nfd7 15. h4 Nf8 16. Nf4 Be6 17. Nxe6 Nxe6 18. f4 Nc7 19. e4 dxe4 20. Bxe4 O-O-O 21. Rhe1 Qd6 22. Qf2 Rhe8 23. f5 Ncd5 24. fxg6 fxg6 25. Nxd5 Nxd5 26. Kb1 Re6 27. Bc2 Rde8 28. Rxe6 Qxe6 29.
Rf1 Nb4 30. Bb3 Qe4+ 31. Ka1 Nd3 32. Qf7 Qe1+ 33. Bd1 Qe3 34. Bc2 Ne1 35. Qxg6 Qc1+ 36. Bb1 Nc2+ 37. Qxc2 Qxf1 38. g6 Re2 39. Qc4 Re1 40.
Qxf1 Rxf1 0-1

[Event "Late-Titled-Tuesday-Blitz-August-29-2023"]
[Site "Chess.com"]
[Date "2023.08.29"]
[Round "9"]
[White "SergioMoralesG"]
[Black "TheMagician"]
[Result "0-1"]
[WhiteElo "2387"]
[BlackElo "2160"]
[TimeControl "180+1"]
[EndTime "15:43:05 PDT"]
[Termination "TheMagician won on time"]

1. d4 Nf6 2. c4 e6 3. Nf3 d5 4.
Nc3 Be7 5. Bf4 O-O 6. h3 c5 7. e3 Nc6 8. dxc5 Bxc5 9. Be2 d4 10.
exd4 Nxd4 11. Nxd4 Qxd4 12. Bg3 Bd7 13. O-O Bc6 14. Qxd4 Bxd4 15. Rac1 Ne4 16. Nxe4 Bxe4 17. b3 e5 18. Rcd1 Rad8 19. Kh2 f5 20. Bd3 Bxd3 21. Rxd3 e4 22. Rd2 Bc5 23. Rfd1 Rxd2 24. Rxd2 f4 25. Bh4 h6 26. Rd5 b6 27. b4 Bxb4 28. Bd8 Bc5 29.
f3 exf3 30. gxf3 Bf2 31. Kg2 Bg3 32. Rd7 Re8 33. Be7 Kf7 34. Bb4+ Kg6 35. Rxa7 Re2+ 36.
Kf1 Rf2+ 37. Kg1 Rxf3 38. Rb7 Rd3 39. Rxb6+ Kh5 40. a4 f3 41. Rb5+ g5 42. Rd5 Rb3 43.
Bd2 Rb1+ 0-1

[Event "Late-Titled-Tuesday-Blitz-August-29-2023"]
[Site "Chess.com"]
[Date "2023.08.29"]
[Round "9"]
[White "rochaaaaaaaaaa"]
[Black "Schwindle"]
[Result "1-0"]
[WhiteElo "2254"]
[BlackElo "2391"]
[TimeControl "180+1"]
[EndTime "15:43:07 PDT"]
[Termination "rochaaaaaaaaaa won by resignation"]

1. e4 e6 2. d4 d5 3. Nc3 Nf6 4. e5 Ne4 5. Nxe4 dxe4 6. Bc4 a6 7. c3 b5 8. Bb3 c5 9. Ne2 Bb7 10.
O-O Be7 11. Ng3 cxd4 12. cxd4 Nc6 13. Be3 Nb4 14. Qg4 g6 15. Nxe4 h5 16. Qf3 Nd5 17. Rfe1 a5 18. Nc3 O-O 19. Nxd5 exd5 20. Bh6 Re8 21. e6 f5 22. Bf4 Bb4 23. Re3 Qf6 24. Bxd5 Bxd5 25. Qxd5 Rad8 26. Qb3 Qxd4 27. Be5 Qd5 28.
Qxd5 Rxd5 29. Bc3 Bc5 30. Re2 b4 31. Bf6 Bd4 32. Bxd4 Rxd4 33. g3 Re4 34. Rxe4 fxe4 35. Re1 Rxe6 36. f3 Kf7 37. Rxe4 Rc6 38. Kf2 Kf6 39. f4 Rc2+ 40. Re2 Rc1 41. Ke3 Rh1 42. Ke4 Ra1 43. b3 Rc1 44. Kd5 Kf5 45. Re5+ Kf6 46. Re2 Kf5 47. Kd4 Kg4 48. Kd3 Ra1 49. Kc4 Kf3 50. Rb2 Kg4 51. Kb5 1-0